 Dungeon Crawl Stone Soup version 0.26-a0-710-g95a0c6c400 (webtiles) character file.

Game seed: 13962607773964193626

856 Aarinfel the Cudgeler (level 8, -3/50 HPs)
             Began as a Gargoyle Fighter on Oct 30, 2020.
             Was an Initiate of Gozag.
             Slain by a two-headed ogre
             ... wielding a +0 giant club
              (6 damage)
             ... on level 8 of the Dungeon.
             The game lasted 00:11:45 (5159 turns).

Aarinfel the Cudgeler (Gargoyle Fighter)            Turns: 5159, Time: 00:11:46

Health: -3/50      AC: 18    Str: 23    XL:     8   Next: 2%
Magic:  0/8        EV:  6    Int:  8    God:    Gozag
Gold:   181        SH: 10    Dex:  9    Spells: 7/7 levels left

rFire    . . .     SeeInvis .   a - +1 flail
rCold    . . .     Faith    .   c - +0 kite shield
rNeg     + . .     Spirit   +   u - +0 chain mail
rPois    ∞         Reflect  .   b - +2 hat
rElec    +         Harm     .   (no cloak)
rCorr    .         Rampage  .   i - +0 pair of gloves
MR       .....                  (no boots)
Stlth    ..........             m - amulet of guardian spirit
HPRegen  0.16/turn              l - ring of stealth
MPRegen  0.11/turn              (no ring)

@: gold aura
A: negative energy resistance 1, electricity resistance, unbreathing,
petrification resistance, rot immunity, AC +5
a: Potion Petition, Call Merchant, Bribe Branch, Renounce Religion


You were on level 8 of the Dungeon.
You worshipped Gozag.
Gozag was aware of your devotion.
You visited 2 branches of the dungeon, and saw 9 of its levels.

You collected 303 gold pieces.
You paid 122 gold pieces to Gozag.

Inventory:

Hand Weapons
 a - a +1 flail (weapon)
Armour
 b - a +2 hat (worn)
 c - a +0 kite shield (worn)
 i - a +0 pair of gloves (worn)
 u - a +0 chain mail (worn)
Jewellery
 l - a ring of stealth (left hand)
 m - an amulet of guardian spirit (around neck)
 o - an uncursed amulet of the acrobat
Wands
 q - a wand of disintegration (6)
Scrolls
 e - 2 scrolls of identify
 h - 2 scrolls of fear
 k - a scroll of fog
Potions
 d - 2 potions of might
 f - a potion of brilliance
 g - 2 potions of heal wounds
 j - 2 potions of curing
 p - 2 potions of lignification
 r - 2 potions of stabbing
 t - 2 potions of flight


   Skills:
 + Level 5.5 Fighting
 * Level 6.2 Maces & Flails
 - Level 5.0 Armour
 - Level 5.0 Shields


You had 7 spell levels left.
You didn't know any spells.
Your spell library contained the following spells:

 Spells                   Type           Power        Failure   Level
 Corona                   Hex            #......      100%        1
 Freeze                   Ice            #...         100%        1
 Shock                    Conj/Air       #...         100%        1
 Sting                    Tmut/Pois      #...         100%        1
 Summon Small Mammal      Summ           #...         100%        1


Dungeon Overview and Level Annotations

Branches:
Dungeon (9/15)             Temple (1/1) D:5
   Lair: D:8-11         Orc: D:9-12

Altars:
Cheibriados
Elyvilon
Fedhas
Gozag
Hepliaklqana
Kikubaaqudgha
Nemelex Xobeh
Okawaru
Qazlal
Ru
Sif Muna
Trog
Vehumet
Wu Jian
Yredelemnul
Zin
The Shining One

Annotations:
D:8 1 transporter, AmmoniaM's ghost, novice HOBe; Maurice; Prince Ribbit


Innate Abilities, Weirdness & Mutations

You are resistant to torment.
Your stone body is resilient. (AC +5)
You are immune to poison.
You resist negative energy. (rN+)
You are resistant to electric shocks. (rElec)
You can survive without breathing.
You are immune to petrification.
You are immune to rotting.


Message History

You closely miss the bullfrog.
The bullfrog is almost dead.
The jackal barks!
You block the bullfrog's attack. The hound bites you but does no damage.
You block the bullfrog's attack.
Prince Ribbit blinks!
You hit the bullfrog but do no damage.
The bullfrog is almost dead.
You block the bullfrog's attack.
Prince Ribbit blinks!
The bullfrog hits you but does no damage.
You sock the bullfrog!
You kill the bullfrog!
You have reached level 8!
You feel stronger. Prince Ribbit hits you!
* * * LOW HITPOINT WARNING * * *
The two-headed ogre hits you with a +0 giant club!
* * * LOW HITPOINT WARNING * * *
The two-headed ogre hits you with a +0 giant club!
You die...
Your body crumbles into a pile of gold.

#...## .# $
$ #....#
#O#..#
#.#...###
#.#.#...
#.#.#.##.
#..5h.#
###O####.##.
#F@h.hh...
######.###


You could see a two-headed ogre, Prince Ribbit, a shadow imp and 3 jackals.

Vanquished Creatures
  Blork the orc (D:5)
  2 bullfrogs
  A scorpion (D:4)
  2 orc priests
  5 orc wizards
  Ijyb (D:3)
  Jessica (D:2)
  Natasha (thrice) (D:2)
  6 worker ants
  4 adders
  3 oozes
  An adder zombie (D:5)
  A leopard gecko (D:1)
  15 orcs
  2 ball pythons (D:2)
  2 bat zombies (D:5)
  8 giant cockroaches
  7 goblins
  10 hobgoblins
  9 kobolds
  8 bats
  6 frilled lizards
  A leopard gecko skeleton (D:4)
  5 rats
104 creatures vanquished.

Vanquished Creatures (others)
  A plant (D:1)
1 creature vanquished.

Grand Total: 105 creatures vanquished

Notes
Turn   | Place    | Note
-------+----------+-------------------------------------------
     0 | D:1      | Aarinfel the Gargoyle Fighter began the quest for the Orb.
     0 | D:1      | Reached XP level 1. HP: 14/14 MP: 1/1
   322 | D:1      | Reached XP level 2. HP: 19/19 MP: 2/2
   578 | D:1      | Reached XP level 3. HP: 23/23 MP: 3/3
   821 | D:2      | Noticed Natasha
   839 | D:2      | Killed Natasha
   839 | D:2      | Reached skill level 3 in Maces & Flails
   840 | D:2      | Reached XP level 4. HP: 15/29 MP: 4/4
  1113 | D:2      | Noticed Natasha
  1126 | D:2      | Killed Natasha
  1310 | D:2      | Reached XP level 5. HP: 31/33 MP: 3/5
  1529 | D:2      | Noticed Natasha
  1537 | D:2      | Killed Natasha
  1880 | D:2      | Noticed Jessica
  1886 | D:2      | Killed Jessica
  2261 | D:3      | Noticed Ijyb
  2265 | D:3      | Reached skill level 4 in Maces & Flails
  2285 | D:3      | Killed Ijyb
  2285 | D:3      | Reached XP level 6. HP: 7/38 MP: 2/6
  2665 | D:3      | Found a faded altar of an unknown god.
  2894 | D:4      | Found a white marble altar of Elyvilon.
  2894 | D:4      | Found a glowing silver altar of Zin.
  2895 | D:4      | Found a glowing golden altar of the Shining One.
  3239 | D:4      | Found an iron altar of Okawaru.
  3795 | D:4      | Reached XP level 7. HP: 44/44 MP: 5/7
  3820 | D:4      | Reached skill level 5 in Maces & Flails
  3948 | D:5      | Entered Level 5 of the Dungeon
  4063 | D:5      | You fall into a shaft and drop 1 floor!
  4216 | D:6      | Reached skill level 5 in Armour
  4372 | D:6      | Reached skill level 5 in Fighting
  4372 | D:6      | Reached skill level 5 in Shields
  4510 | D:5      | Found an ancient bone altar of Kikubaaqudgha.
  4642 | D:5      | Noticed Blork the orc
  4656 | D:5      | Killed Blork the orc
  4698 | D:5      | Found a staircase to the Ecumenical Temple.
  4707 | Temple   | Entered the Ecumenical Temple
  4728 | Temple   | Became a worshipper of Gozag Ym Sagoz the Greedy
  4800 | D:5      | Identified Thaumaturgy, Part One
  4975 | D:6      | You fall into a shaft and drop 3 floors!
  4975 | D:9      | Found a radiant altar of Vehumet.
  4980 | D:9      | Reached skill level 6 in Maces & Flails
  5071 | D:8      | Noticed Prince Ribbit
  5101 | D:8      | Noticed a two-headed ogre
  5115 | D:8      | Noticed Maurice
  5135 | D:8      | Found a transporter.
  5137 | D:8      | Noticed AmmoniaM's ghost (novice HOBe)
  5138 | D:8      | Noticed a moth of wrath
  5138 | D:8      | Noticed a komodo dragon
  5159 | D:8      | Reached XP level 8. HP: 19/50 MP: 8/8
  5159 | D:8      | Slain by a two-headed ogre

Illustrated notes

Levels and vault maps discovered:
D:1:      onia_arrival_mini_maze_b, layout_basic, minmay_misc_feat_pillars
D:2:      layout_basic, serial_rivers, chequers_serial_rivers_large_b,
          chequers_serial_rivers_micro_c, chequers_serial_rivers_room_a,
          chequers_serial_rivers_room_b, uniq_jessica, uniq_natasha
D:3:      layout_loops_ring, chequers_ecumenical_altar_twisty,
          due_unseen_surprise, uniq_ijyb
D:4:      layout_basic, good_gods_mini_temple, lemuel_coloured_pillars_altar,
          kennysheep_doodads, lightli_corner_chamber
D:5:      layout_loops_ring, lemuel_zombie_altar_kikubaaqudgha,
          minmay_temple_entry_water_ring, uniq_blork_the_orc
D:6:      layout_gridville, lightli_temple_of_fire, lemuel_doored_altar
D:8:      layout_loops_cross, serial_shops, kennysheep_mini_moat, shop,
          gammafunk_ghost_berserking_beasts, uniq_maurice, uniq_prince_ribbit1
D:9:      layout_stronghold, vehumet_crystals,
          chequers_temple_overflow_statue_of_worship, dpeg_lair_monsters,
          zombieorc2_lemuel
Temple:   minmay_temple_bridge_abc

Skill      XL: |  1  2  3  4  5  6  7 |
---------------+----------------------+-----
Maces & Flails | 3 4 6 |  6.2
Shields        | 4 5 |  5.0
Fighting       | 4 5 |  5.5
Armour         | 4 5 |  5.0

Action                   |  1- 3 |  4- 6 |  7- 9 || total
-------------------------+-------+-------+-------++-------
Melee: Flail             |    99 |   265 |   108 ||   472
  Use: Scroll            |       |       |    14 ||    14
Armor: Scale mail        |    51 |   162 |       ||   213
       Chain mail        |       |     7 |    59 ||    66
Dodge: Dodged            |    30 |    80 |    37 ||   147
Block: Kite shield       |    50 |   146 |    61 ||   257

Table legend: (Time is in decaauts)
 A = Elapsed time spent in this place.
 B = Non-inter-level travel time spent in this place.
 C = Inter-level travel time spent in this place.
 D = Time resting spent in this place.
 E = Time spent auto-exploring this place.
 F = Levels seen in this place.
 G = Mean time per level.
                   A        B        C        D        E       F      G
               +--------+--------+--------+--------+--------+-----+--------+
         Total |   5346 |   5124 |    222 |   1059 |   2423 |   9 |  594.0 |
       Dungeon |   5303 |   5102 |    201 |   1059 |   2412 |   8 |  662.9 |
        Temple |     42 |     21 |     21 |      0 |     11 |   1 |   42.0 |
               +--------+--------+--------+--------+--------+-----+--------+

Top non-repeatable levels by time:
     D:2: 1469 daAuts
     D:4: 1113 daAuts
     D:3: 817 daAuts
     D:1: 715 daAuts
     D:5: 595 daAuts
     D:6: 403 daAuts
     D:9: 96 daAuts
     D:8: 90 daAuts
  Temple: 42 daAuts
